 Dungeon Crawl Stone Soup version 0.25-a0-36-g303dd5b1f4 (webtiles) character file.

Game seed: 764497759997004457, levelgen mode: deterministic

57953 Majang the Slinger (level 15, 0/105 HPs)
             Began as a Halfling Hunter on Oct 18, 2019.
             Was the Champion of Ru.
             Slain by Jorgrun
             ... wielding a +0 quarterstaff of crushing
              (6 damage)
             ... while petrified by Jorgrun
             ... on level 12 of the Dungeon on Oct 20, 2019.
             The game lasted 02:59:39 (22735 turns).

Majang the Slinger (Halfling Hunter)               Turns: 22735, Time: 02:59:39

Health: 0/105      AC:  9    Str: 17    XL:     15   Next: 28%
Magic:  16/20      EV:  3    Int:  9    God:    Ru [******]
Gold:   1236       SH:  0    Dex: 18    Spells: 14/14 levels left

rFire    . . .     SeeInvis .   a - +2 fustibalus (flame)
rCold    . . .     Gourm    .   (shield unavailable)
rNeg     + + +     Faith    .   E - +3 troll leather armour
rPois    ∞         Spirit   .   (no helmet)
rElec    .         Reflect  .   x - +1 cloak
rCorr    .         Harm     .   m - +0 pair of gloves
MR       .....                  L - +0 pair of boots
Stlth    ++++......             (no amulet)
HPRegen  0.67/turn              (ring unavailable)
MPRegen  0.17/turn              H - ring of poison resistance

@: exhausted, about to teleport, petrified
A: small, low mp 1, mutation resistance 1, missing a hand, no conjurations
magic, no ice magic, no transmutations magic, reduced AC 1, magic vulnerability
1
a: Draw Out Power, Power Leap, Apocalypse, Renounce Religion


You were on level 12 of the Dungeon.
You worshipped Ru.
Ru was exalted by your worship.
You were not hungry.

You visited 2 branches of the dungeon, and saw 18 of its levels.

You collected 1236 gold pieces.

Inventory:

Hand Weapons
 a - a +2 fustibalus of flaming (weapon)
 b - a +7 quick blade
 t - a +5 hunting sling
Missiles
 e - 24 sling bullets
 j - 158 stones (quivered)
 Y - 7 silver boomerangs
Armour
 m - a +0 pair of gloves (worn)
 x - a +1 cloak (worn)
 E - a +3 troll leather armour (worn)
 L - a +0 pair of boots (worn)
Jewellery
 r - a +3 ring of dexterity
 u - a +6 ring of intelligence
 z - an uncursed ring of flight
 C - an uncursed ring of ice
 F - an uncursed ring of see invisible
 H - a ring of poison resistance (right hand)
 I - an uncursed ring of fire
 N - an uncursed ring of stealth
Wands
 l - a wand of iceblast (19)
 q - a wand of enslavement (8)
 v - a wand of paralysis (4)
 A - a wand of clouds (2)
 K - a wand of flame (10)
 M - a wand of acid (6)
 O - a wand of random effects (15)
Scrolls
 i - a scroll of fog
 n - 5 scrolls of magic mapping
 y - 4 scrolls of immolation
 B - 4 scrolls of remove curse
 D - 2 scrolls of fear
 Q - 3 scrolls of teleportation
Potions
 c - a potion of flight
 g - 4 potions of curing
 h - 4 potions of haste
 k - 4 potions of brilliance
 o - 2 potions of mutation
 p - 2 potions of resistance
 s - 2 potions of heal wounds
 w - a potion of invisibility
 T - a potion of agility
Miscellaneous
 G - a fan of gales
 J - a sack of spiders
Comestibles
 f - 29 rations


   Skills:
 + Level 10.5 Fighting
 - Level 7.5 Short Blades
 * Level 14.0 Slings
 - Level 11.8 Armour
 + Level 12.3 Dodging
 - Level 9.5 Stealth
 + Level 10.7 Evocations


You had 14 spell levels left.
You didn't know any spells.
Your spell library contained the following spells:

 Spells                   Type           Power        Failure   Level  Hunger
 Pain                     Necr           #...         43%         1    ##.....
 Sandblast                Erth           #.....       43%         1    ##.....
 Blink                    Tloc           N/A          56%         2    ###....
 Call Imp                 Summ           #.......     56%         2    ###....
 Slow                     Hex            #.......     56%         2    ###....
 Lee's Rapid Deconstruct  Erth           #.........   100%        5    ######.
 Magic Dart               Conj           Unusable     N/A         1    N/A
 Passwall                 Tmut/Erth      Unusable     N/A         2    N/A
 Conjure Flame            Conj/Fire      Unusable     N/A         3    N/A
 Mephitic Cloud           Conj/Pois/Air  Unusable     N/A         3    N/A
 Stone Arrow              Conj/Erth      Unusable     N/A         3    N/A
 Petrify                  Tmut/Erth      Unusable     N/A         4    N/A

Dungeon Overview and Level Annotations

Branches:
Dungeon (12/15)            Temple (0/1) D:7            Lair (6/6) D:9
 Shoals (0/4) Lair:2       Spider (0/4) Lair:2        Slime (0/5) Lair:6
    Orc: D:9-12

Altars:
Ashenzari
Cheibriados
Elyvilon
Gozag
Hepliaklqana
Kikubaaqudgha
Makhleb
Nemelex Xobeh
Okawaru
Qazlal
Ru
Sif Muna
Vehumet
Wu Jian
Xom
Yredelemnul
Jiyva

Shops:
D:10 (

Annotations:
D:12 Jorgrun


Innate Abilities, Weirdness & Mutations

You are small and have problems with some larger weapons.
Your magical capacity is low. (-10% MP)
You are somewhat resistant to further mutation.
You are missing a hand.
You cannot study or cast Conjurations magic.
You cannot study or cast Ice magic.
You cannot study or cast Transmutations magic.
You take slightly more damage. (AC -5)
You are slightly vulnerable to magic. (MR-)


Message History

As you read the scroll of teleportation, it crumbles to dust.
You feel strangely unstable.
The centaur shoots an arrow.
The arrow hits you.
* * * LOW HITPOINT WARNING * * *
Jorgrun begins to cast a spell, but is stunned by your will!
The centaur is stunned by your will and fails to attack.
The hound stops to sniff the ground.
The hound bites you but does no damage.
You have turned to stone.
Jorgrun casts a spell at you. The iron shot hits you!
* * * LOW HITPOINT WARNING * * *
The hound bites you but does no damage. The hound bites you but does no damage.
Jorgrun gestures at you while chanting. The iron shot hits you!!!
* * * LOW HITPOINT WARNING * * *
The centaur shoots an arrow.
The arrow hits you.
* * * LOW HITPOINT WARNING * * *
The hound bites you but does no damage.
Jorgrun hits you with a +0 quarterstaff of crushing!
You die...

..............)#####.
....#####...............
....#####..........†....
(<...#####........(......
(...#####...#####.......
##(.c#####...#####.......
##............#####.......
..#......(......#####.......
.......$#.h@....#####.......
.......#.#.g(...........#.^.
......#...#............###..
.......#.#..................
........#..(#........#.).).#
#..........###......##.._..#
#........## ##......#.).).#
##........###..............
##........#..........###..


You could see Jorgrun, a centaur and a hound.

Vanquished Creatures
  4 hydras
  2 catoblepae
  A merfolk avatar (Lair:6)
  5 two-headed ogres
  5 death yaks (Lair:5)
  A sea snake (Lair:6)
  2 unseen horrors (D:11)
  A harpy (Lair:6)
  2 manticores
  An orb spider (shapeshifter) (D:8)
  2 ugly things
  4 oklob plants (Lair:5)
  11 elephants
  3 black mambas (Lair:5)
  A torpor snail (Lair:2)
  11 spiny frogs
  9 komodo dragons
  A gargoyle (D:10)
  2 kobold demonologists (D:12)
  2 rime drakes
  A queen bee (Lair:4)
  A jumping spider (Lair:2)
  5 polar bears
  A wind drake (Lair:6)
  A merfolk (Lair:2)
  3 meliai (Lair:4)
  A troll (D:9)
  3 hornets
  13 blink frogs
  6 hippogriffs
  A wraith (D:7)
  2 redbacks (Lair:2)
  45 yaks
  A hungry ghost (D:11)
  A human (D:9)
  3 wyverns
  4 hogs (D:9)
  3 vampire mosquitoes (D:12)
  Edmund (D:4)
  18 water moccasins
  Duvessa (D:3)
  13 porcupines
  3 orc warriors
  5 ice beasts
  4 phantoms
  4 sky beasts
  2 necrophages
  4 ogres
  5 wolves
  5 centaurs
  31 crocodiles
  2 big kobolds
  15 bullfrogs
  A water moccasin zombie (D:8)
  2 wyvern zombies
  Dowan (D:4)
  27 killer bees
  4 electric eels
  2 howler monkeys
  5 crimson imps
  3 centaur zombies
  3 bullfrog zombies
  6 jellies
  A gnoll shaman (D:8)
  10 hounds
  2 quasits
  7 orc priests
  2 centaur skeletons
  A bullfrog skeleton (D:11)
  9 iguanas
  5 worker ants
  6 orc wizards
  A bullfrog simulacrum (D:9)
  A killer bee simulacrum (D:9)
  8 gnolls
  15 adders
  2 shadow imps
  2 white imps (D:9)
  An ufetubus (D:9)
  An ooze (D:6)
  5 worms
  A dart slug (D:2)
  14 leopard geckos
  44 orcs
  6 bats
  4 giant cockroaches
  3 goblins (D:2)
  12 hobgoblins
  11 jackals
  5 quokkas
  2 ball pythons
  13 frilled lizards
  10 kobolds
  A leopard gecko skeleton (D:5)
  A quokka skeleton (D:4)
  2 rats
  2 fungi (Lair:6)
542 creatures vanquished.

Vanquished Creatures (others)
  A hydra (Lair:6)
  A death yak (Lair:6)
  An elephant (Lair:5)
  A yak (Lair:2)
  A wolf (Lair:5)
  21 fungi
  20 plants
46 creatures vanquished.

Grand Total: 588 creatures vanquished

Notes
Turn   | Place    | Note
-------+----------+-------------------------------------------
     0 | D:1      | Majang the Halfling Hunter began the quest for the Orb.
     0 | D:1      | Reached XP level 1. HP: 14/14 MP: 1/1
   217 | D:1      | Reached skill level 6 in Slings
   217 | D:1      | Reached XP level 2. HP: 19/19 MP: 2/2
   843 | D:2      | Found a basalt altar of Yredelemnul.
   863 | D:2      | Reached skill level 1 in Armour
   863 | D:2      | Reached XP level 3. HP: 24/24 MP: 3/3
   895 | D:2      | Reached skill level 1 in Short Blades
  1171 | D:2      | Reached XP level 4. HP: 29/29 MP: 4/4
  1603 | D:2      | Found an ancient bone altar of Kikubaaqudgha.
  1604 | D:2      | Found a shimmering blue altar of Sif Muna.
  1606 | D:2      | Found a radiant altar of Vehumet.
  1608 | D:2      | Identified Kikubaaqudgha's Guide on Evil Rites
  2057 | D:3      | Found a shattered altar of Ashenzari.
  2080 | D:3      | Reached skill level 7 in Slings
  2112 | D:3      | Reached XP level 5. HP: 34/34 MP: 5/5
  2342 | D:3      | Found a sacrificial altar of Ru.
  2349 | D:3      | Became a worshipper of Ru the Awakened
  2836 | D:4      | Noticed Dowan
  2836 | D:4      | Noticed Duvessa
  2921 | D:4      | Killed Dowan
  2921 | D:4      | Reached XP level 6. HP: 37/41 MP: 6/6
  3283 | D:4      | Reached skill level 8 in Slings
  3645 | D:3      | Killed Duvessa
  3645 | D:3      | Reached XP level 7. HP: 43/46 MP: 7/7
  3688 | D:4      | Found an opulent altar of Gozag.
  3849 | D:4      | Noticed Edmund
  3894 | D:4      | Killed Edmund
  3894 | D:4      | Reached skill level 9 in Slings
  3939 | D:4      | Gained mutation: Your magical capacity is low. (-10% MP)
                  | [Ru sacrifice]
  4061 | D:5      | Entered Level 5 of the Dungeon
  4182 | D:5      | Reached XP level 8. HP: 53/53 MP: 7/7
  4420 | D:5      | Reached skill level 1 in Evocations
  4562 | D:5      | Found a snail-covered altar of Cheibriados.
  4562 | D:5      | Found a burning altar of Makhleb.
  4568 | D:5      | Found a shimmering altar of Xom.
  4570 | D:5      | Found a faded altar of an unknown god.
  4571 | D:5      | Found a hazy altar of Hepliaklqana.
  4697 | D:5      | Reached skill level 10 in Slings
  5205 | D:6      | Reached skill level 5 in Dodging
  5321 | D:6      | Reached XP level 9. HP: 57/58 MP: 9/9
  5395 | D:6      | Reached skill level 11 in Slings
  5825 | D:6      | Found a sparkling altar of Nemelex Xobeh.
  5834 | D:6      | Reached skill level 5 in Armour
  6005 | D:7      | Found a white marble altar of Elyvilon.
  6025 | D:7      | You fall into a shaft and drop 1 floor!
  6025 | D:8      | Noticed a wind drake
  6056 | D:8      | Noticed a cyclops
  6056 | D:8      | a wind drake changed into a cyclops
  6070 | D:8      | Noticed a catoblepas
  6131 | D:7      | Gained mutation: You cannot study or cast Ice magic. [Ru
                  | sacrifice]
  6131 | D:7      | Gained mutation: You cannot study or cast Transmutations
                  | magic. [Ru sacrifice]
  6131 | D:7      | Gained mutation: You cannot study or cast Conjurations
                  | magic. [Ru sacrifice]
  6131 | D:7      | Reached * piety under Ru
  6231 | D:7      | Reached skill level 12 in Slings
  6330 | D:6      | Found an ornate altar of the Wu Jian Council.
  6384 | D:7      | Reached skill level 5 in Fighting
  6706 | D:7      | Found a stormy altar of Qazlal.
  6720 | D:7      | Upgraded the game from 0.25-a0-35-g747a2b3c0c to
                  | 0.25-a0-36-g303dd5b1f4
  6749 | D:7      | Noticed a two-headed ogre
  6764 | D:7      | Killed a two-headed ogre
  6764 | D:7      | Reached XP level 10. HP: 53/66 MP: 10/11
  6780 | D:7      | Found a staircase to the Ecumenical Temple.
  7301 | D:8      | Noticed a two-headed ogre
  7313 | D:8      | Killed a two-headed ogre
  7387 | D:8      | Reached skill level 5 in Evocations
  8008 | D:8      | Noticed an orb spider
  8017 | D:8      | Killed an orb spider
  8768 | D:9      | Gained mutation: You take slightly more damage. (AC -5) [Ru
                  | sacrifice]
  8768 | D:9      | Reached ** piety under Ru
  8768 | D:9      | Reached *** piety under Ru
  8806 | D:9      | Reached XP level 11. HP: 74/74 MP: 13/13
  8816 | D:9      | Found a staircase to the Lair.
  9226 | D:9      | Noticed a two-headed ogre
  9244 | D:9      | Killed a two-headed ogre
 10109 | Lair:1   | Entered Level 1 of the Lair of Beasts
 11206 | Lair:2   | Found a hole to the Spider Nest.
 11262 | Lair:2   | Reached XP level 12. HP: 81/81 MP: 15/15
 11453 | Lair:2   | Gained mutation: You are missing a hand. [Ru sacrifice]
 11453 | Lair:2   | Reached **** piety under Ru
 11453 | Lair:2   | Reached ***** piety under Ru
 11548 | Lair:2   | Found a staircase to the Shoals.
 11769 | Lair:2   | Reached skill level 5 in Stealth
 12679 | Lair:3   | Noticed a catoblepas
 12718 | Lair:3   | Killed a catoblepas
 12718 | Lair:3   | Reached skill level 10 in Dodging
 13283 | Lair:4   | Reached skill level 10 in Armour
 13489 | Lair:4   | Noticed a four-headed hydra
 13498 | Lair:4   | Killed a four-headed hydra
 13498 | Lair:4   | Reached XP level 13. HP: 89/89 MP: 17/17
 13920 | Lair:4   | Gained mutation: You are slightly vulnerable to magic.
                  | (MR-) [Ru sacrifice]
 13920 | Lair:4   | Reached ****** piety under Ru
 14480 | Lair:3   | Noticed a four-headed hydra
 14490 | Lair:3   | Killed a four-headed hydra
 15735 | Lair:5   | Reached skill level 5 in Short Blades
 17242 | Lair:6   | Entered Level 6 of the Lair of Beasts
 17244 | Lair:6   | Noticed a four-headed hydra
 17303 | Lair:5   | Reached XP level 14. HP: 64/97 MP: 14/19
 17509 | Lair:6   | Found a viscous altar of Jiyva.
 17510 | Lair:6   | Found a staircase to the Slime Pits.
 18376 | Lair:5   | Reached skill level 10 in Evocations
 18641 | Lair:5   | Reached skill level 10 in Fighting
 19271 | Lair:6   | Paralysed by a hornet for 2 turns
 20722 | D:10     | Entered Level 10 of the Dungeon
 20874 | D:10     | Found Wirhaett's Antique Weapon Emporium.
 20882 | D:10     | Identified a scroll of acquirement
 21101 | D:10     | Reached skill level 13 in Slings
 21534 | D:11     | Reached XP level 15. HP: 104/104 MP: 20/20
 22653 | D:12     | Found an iron altar of Okawaru.
 22685 | D:12     | Reached skill level 14 in Slings
 22704 | D:12     | Found a frozen archway.
 22715 | D:12     | Noticed Jorgrun
 22734 | D:12     | HP: 5/105 [centaur/arrow (2)]
 22735 | D:12     | Slain by Jorgrun

Levels and vault maps discovered:
D:1:      dpeg_arrival_more_subterranean_lakeside_camping, layout_loops_ring,
          grunt_decor_arrowhead
D:2:      minmay_spotlight, layout_loops_corners,
          grunt_temple_overflow_magic_moments, overflow_temple_1_default,
          minmay_goblin_kobold_house
D:3:      layout_basic, nicolae_ru_awakened_eye, cheibrodos_ashenzari_chains
D:4:      layout_rooms, lemuel_doored_altar, chequers_decorated_corner,
          uniq_edmund, uniq_duvessa
D:5:      layout_cave_pools, chequers_temple_overflow_minitemple, first_ration
D:6:      layout_rooms, nicolae_overflow_hidden_temple,
          nemelex_dance_club_becter
D:7:      layout_basic, lemuel_crystal_altar, minmay_temple_entry_stoned_glass,
          nicolae_qazlal_eye_of_the_storm
D:8:      layout_loops_corners, serial_glass, glass_columns_a, glass_columns_b,
          kb_rosetta
D:9:      layout_long_grid, lair_entry_dummy, serial_ice, serial_ice_i,
          serial_ice_m, serial_ice_d, serial_ice_e, grunt_livestock
D:10:     layout_roguey, serial_shops, shop
D:11:     layout_loops_cross
D:12:     layout_big_octagon, hiddenorc2_lemuel,
          portal_ice_cave_entry_pillars_2, okawaru_ov_weapons_minmay,
          uniq_jorgrun
Lair:1:   layout_loops_ring
Lair:2:   layout_misc_corridors, elwin_shoals_entry_rooms, spider_nest_entry_a,
          serial_rivers, chequers_serial_rivers_large_a,
          chequers_serial_rivers_micro_c, chequers_serial_rivers_micro_b,
          chequers_serial_rivers_micro_b, chequers_serial_rivers_small_b,
          chequers_serial_rivers_small_b, chequers_serial_rivers_room_b,
          st_stairs_10
Lair:3:   lemuel_reptile_caves, layout_cave_pods, cheibrodos_lair_reptile_den,
          infiniplex_staircase_pool
Lair:4:   layout_roguey [special_room_bee], grunt_megastairs_5
Lair:5:   layout_cave_pods, minmay_lair_oklob_chamber, grunt_megastairs_3
Lair:6:   gammafunk_lair_ancient_temple, layout_loops_ring, slime_altar_1,
          serial_bayou_shore_b

Skill      XL: |  1  2  3  4  5  6  7  8  9 10 11 12 13 14 15 |
---------------+----------------------------------------------+-----
Slings         | 6 7 8 9 10 12 13 14 | 14.0
Fighting       | 2 3 4 5 6 7 8 9 10 | 10.5
Armour         | 1 2 3 4 6 7 8 10 11 | 11.8
Short Blades   | 1 2 5 7 |  7.5
Dodging        | 3 4 5 6 7 9 10 11 12 | 12.3
Evocations     | 2 4 5 7 8 9 10 | 10.7
Stealth        | 3 6 8 9 |  9.5

Action                   |  1- 3 |  4- 6 |  7- 9 | 10-12 | 13-15 || total
-------------------------+-------+-------+-------+-------+-------++-------
Melee: Short sword       |    13 |       |       |     1 |    50 ||    64
       Quick blade       |       |       |       |       |    86 ||    86
 Fire: Hunting sling     |    64 |   240 |   447 |   899 |  1166 ||  2816
       Fustibalus        |       |       |       |       |   310 ||   310
Throw: Stone             |       |       |       |       |     7 ||     7
Invok: Sacrifice Essence |       |       |     1 |       |     1 ||     2
       Sacrifice Arcana  |       |       |     1 |       |       ||     1
       Sacrifice Health  |       |       |       |     1 |       ||     1
       Power Leap        |       |       |       |     6 |    24 ||    30
       Sacrifice a Hand  |       |       |       |     1 |       ||     1
       Draw Out Power    |       |       |       |       |     2 ||     2
Evoke: Wand              |       |       |     2 |     3 |    18 ||    23
       Fan of gales      |       |       |       |     1 |       ||     1
  Use: Scroll            |     2 |     9 |     1 |    14 |    11 ||    37
       Potion            |       |     1 |       |     5 |     6 ||    12
 Stab: Invisible         |       |       |       |       |    10 ||    10
       Paralysed         |       |       |       |       |     7 ||     7
       Sleeping          |       |       |       |       |     3 ||     3
       Distracted        |       |       |       |       |     2 ||     2
  Eat: Chunk             |     1 |     6 |    10 |    18 |    24 ||    59
       Ration            |       |       |       |       |     1 ||     1
Armor: Leather armour    |     4 |     8 |       |       |       ||    12
       Ring mail         |       |    23 |    15 |       |       ||    38
       Scale mail        |       |       |    25 |    20 |       ||    45
       Troll leather arm |       |       |       |    13 |    67 ||    80
Dodge: Dodged            |    17 |    75 |   116 |   214 |   506 ||   928

Table legend:
 A = Non-vault XP
 B = Vault XP
 C = Vault XP percentage of total XP
 D = Non-vault monster count
 E = Vault monster count
 F = Vault count percentage of total count
                 A         B        C        D         E       F
            +---------+---------+-------+---------+---------+-------
      Total |   60468 |   22322 |  27.0 |     411 |     134 |  24.6
            +---------+---------+-------+---------+---------+-------
        D:1 |      22 |       0 |   0.0 |      13 |       0 |   0.0
        D:2 |      51 |      42 |  45.2 |      12 |      12 |  50.0
        D:3 |     148 |     149 |  50.2 |      30 |       1 |   3.2
        D:4 |     230 |     223 |  49.2 |      12 |       2 |  14.3
        D:5 |     643 |       0 |   0.0 |      22 |       0 |   0.0
        D:6 |     886 |     125 |  12.4 |      17 |       2 |  10.5
        D:7 |    1792 |       0 |   0.0 |      26 |       0 |   0.0
        D:8 |    2201 |    1530 |  41.0 |      28 |       4 |  12.5
        D:9 |    3220 |    1974 |  38.0 |      27 |      15 |  35.7
       D:10 |    3107 |       0 |   0.0 |      24 |       0 |   0.0
       D:11 |    6605 |       0 |   0.0 |      32 |       0 |   0.0
       D:12 |    3733 |       0 |   0.0 |      28 |       0 |   0.0
     Lair:1 |    2869 |       0 |   0.0 |      17 |       0 |   0.0
     Lair:2 |    5856 |    1281 |  17.9 |      26 |       6 |  18.8
     Lair:3 |    3943 |    2179 |  35.6 |      15 |      29 |  65.9
     Lair:4 |    5174 |    2647 |  33.8 |      16 |      27 |  62.8
     Lair:5 |   12315 |    6001 |  32.8 |      41 |      16 |  28.1
     Lair:6 |    7673 |    6171 |  44.6 |      25 |      20 |  44.4
            +---------+---------+-------+---------+---------+-------
